Map: Central Protocol

Players

Miltreta - Winner!

  • Race: Terran Terran

A.I. 1 (Easy)

  • Race: Terran Terran

VOD

Have the link to the VOD?

Description

Time

  • Played on: March 2, 2016, 7:24 a.m.
  • Length: 10:41
Show
View Real Time Build Order
Export as new Build Order

Miltreta Terran - Winner!

Build Orders:  

Get SALT Encoding   

  12  0:03  SCV  
  13  0:33  Supply Depot  
  13  0:36  SCV  
  14  0:48  SCV  
  15  0:57  Supply Depot  
  15  1:05  Barracks  
  15  1:08  SCV  
  16  1:20  SCV  
  16  1:24  Refinery  
  17  1:30  Refinery  
  17  1:32  SCV  
  18  1:45  SCV  
  19  2:05  Supply Depot  
  19  2:10  SCV  
  19  2:13  Marine  
  21  2:24  Barracks  
  21  2:31  SCV, Marine  
  23  2:43  SCV  
  24  2:49  Marine  
  25  2:55  SCV  
  26  3:00  Supply Depot  
  26  3:07  Marine  
  27  3:19  Barracks Reactor  
  27  3:24  Marine  
  28  3:43  Reaper, Engineering Bay  
  29  3:57  Reaper x2  
  31  4:15  Reaper  
  31  4:27  Terran Infantry Weapons Level 1  
  31  4:29  Reaper x2  
  33  4:47  Reaper  
  33  4:48  Bunker  
  34  5:01  Reaper, Marine  
  34  5:04  Sensor Tower  
  36  5:19  Marine  
  37  5:33  Marine  
  38  6:22  Barracks Tech Lab  
  38  6:24  Reaper  
  38  6:25  Reaper  
  40  6:33  Planetary Fortress  
  40  6:41  Command Center  
  40  6:43  Marauder  
  42  6:52  Terran Infantry Armor Level 1  
  42  6:57  Reaper x2  
  44  7:04  Marauder  
  46  7:29  Reaper  
  47  7:53  Marauder  
  46  8:45  Neosteel Frame  
  47  9:00  Marauder  
  47  9:01  Marine x2  
  49  9:19  Marine x2  
  49  9:21  Marauder  
  53  9:37  Marine x2  
  55  9:43  Marauder  
  57  9:54  Marine x2  
  59  10:04  Marauder  
Show
View Real Time Build Order
Export as new Build Order

A.I. 1 (Easy) Terran 

Build Orders:  

Get SALT Encoding   

  12  0:00  SCV  
  13  0:13  SCV  
  14  0:18  Supply Depot  
  14  0:25  SCV  
  15  0:40  SCV  
  15  0:42  Barracks  
  16  0:46  Refinery  
  16  1:11  Supply Depot  
  16  1:22  Refinery  
  16  1:29  Orbital Command  
  16  1:31  Marine  
  17  1:48  Marine  
  18  1:55  SCV  
  19  2:07  Barracks Tech Lab, SCV  
  20  2:10  Supply Depot  
  20  2:19  SCV  
  21  2:25  Marine  
  22  2:32  SCV  
  23  2:43  Marauder  
  23  2:44  SCV  
  26  2:56  SCV  
  27  3:05  Marauder  
  29  5:23  Reaper  
  29  5:24  SCV  
  29  5:25  Supply Depot  
  29  5:27  Factory  
  31  5:34  Command Center  
  31  5:37  SCV  
  30  5:49  SCV  
  31  5:53  Supply Depot  
  31  5:54  Marine  
  30  6:01  SCV  
  30  6:13  SCV, Marauder  
  30  6:18  Starport  
  33  6:34  Reaper  
  34  6:48  SCV  
  34  6:52  SCV  
  36  6:55  Starport Tech Lab, Refinery  
  36  6:59  Refinery  
  36  7:00  SCV  
  37  7:04  SCV  
  37  7:06  Marine  
  39  7:12  SCV  
  39  7:14  Raven  
  42  7:16  SCV  
  41  7:24  SCV, Marine  
  41  7:28  SCV  
  41  7:36  SCV  
  42  7:40  SCV  
  42  7:41  Marine  
  43  7:48  SCV  
  44  7:52  Hellion, SCV  
  44  7:56  Raven  
  49  8:00  SCV  
  49  8:04  SCV  
  47  8:08  Reaper  
  47  8:12  SCV  
  46  8:16  SCV  
  42  8:22  Hellion  
  42  8:24  SCV  
  43  8:29  SCV  
  43  8:31  Supply Depot  
  39  8:36  SCV  
  39  8:39  Raven  
  39  8:40  Marine  
  39  8:41  SCV  
  30  8:48  SCV  
  30  8:53  Hellion, SCV  
  34  9:01  SCV  
  35  9:05  SCV  
  30  9:13  SCV  
  30  9:14  Hellion  
  22  9:17  SCV  
  22  9:23  Viking  
  15  9:25  SCV  
  15  9:29  SCV  
  12  9:37  SCV  
  12  9:38  Hellion  
  12  9:41  SCV  
  13  9:49  SCV  
  12  9:53  Viking, SCV  
  11  10:01  SCV  
  11  10:05  SCV  
  12  10:12  Refinery  
  12  10:13  SCV  
  13  10:17  SCV  
  12  10:38  Command Center  
Tags
 
Add a new tag
Caveats
  • Supply blocks, unpowered buildings, or Contaminate may cause inaccurate times.
  • Supply counts are checked every 10 seconds.